 Dungeon Crawl Stone Soup version 0.28-a0-1567-g1695149f81 (webtiles) character file.

Game seed: 7335692433915391167

76 Pin the Skirmisher (level 4, -3/41 HPs)
             Began as a Hill Orc Fighter on Jan 20, 2022.
             Slain by Sigmund (5 damage)
             ... on level 2 of the Dungeon.
             The game lasted 00:02:17 (2387 turns).

Pin the Skirmisher (Hill Orc Fighter)               Turns: 2387, Time: 00:02:17

Health: -3/41      AC:  8    Str: 20    XL:     4   Next: 32%
Magic:  4/4        EV:  9    Int:  8    God:
Gold:   47         SH:  4    Dex: 10    Spells: 3/3 levels left

rFire   . . .      SeeInvis .   a - +0 war axe
rCold   . . .      Faith    .   c - +0 buckler
rNeg    . . .      Spirit   .   b - +0 scale mail
rPois   .          Reflect  .   h - +0 helmet
rElec   .          Harm     .   (no cloak)
rCorr   .          Rampage  .   (no gloves)
Will    .....                   (no boots)
Stlth   ..........              j - amulet of the acrobat
HPRegen 0.13/turn               (no ring)
MPRegen 0.09/turn               (no ring)

@: no status effects
A: no striking features
a: no special abilities


You were on level 2 of the Dungeon.
You visited 1 branch of the dungeon, and saw 2 of its levels.

You collected 47 gold pieces.

Inventory:

Hand Weapons
 a - a +0 war axe (weapon)
Armour
 b - a +0 scale mail (worn)
 c - a +0 buckler (worn)
 h - a +0 helmet (worn)
Jewellery
 j - an amulet of the acrobat (around neck)
 m - a ring of willpower
Scrolls
 e - a scroll of torment {unknown}
 f - 2 scrolls of identify {unknown}
 g - a scroll of vulnerability {unknown}
 i - a scroll of acquirement {unknown}
 k - a scroll of noise {unknown}
Potions
 d - 2 potions of might
 l - a potion of berserk rage {unknown}
 n - a potion of brilliance {unknown}


   Skills:
 + Level 4.3 Fighting
 + Level 3.7 Axes
 + Level 3.9 Armour
 + Level 3.9 Shields


You had 3 spell levels left.
You didn't know any spells.
Your spell library was empty.

Dungeon Overview and Level Annotations

Branches:
Dungeon (2/15)

Altars:

Shops:
D:1 ?

Annotations:
D:2 Sigmund


Message History

No target in view!
No target in view!
No target in view!
No target in view!
You feel sick.
You feel sick.
You feel sick.
You are no longer poisoned.
You see here an adder corpse.
Found a stone staircase leading down.
There is a stone staircase leading down here.
Found a stone staircase leading up.
You now have 47 gold pieces (gained 6).
Sigmund the Dreaded comes into view.
He is wielding a +0 scythe.
Sigmund shouts!
Sigmund completely misses you.
You hit Sigmund but do no damage. Sigmund hits you with a +0 scythe!
You barely miss Sigmund.
Sigmund mumbles some strange words.
Sigmund flickers and vanishes!
Deactivating autopickup; reactivate with Ctrl-A.
You closely miss something. Something hits you.
You hit something.
You hear some strange, mumbled words.
A magic dart appears from out of thin air!
The magic dart hits you.
You barely miss something. Something hits you!
You closely miss something.
You hear some strange, mumbled words.
A magic dart appears from out of thin air!
The magic dart hits you. Something hits you.
* * * LOW HITPOINT WARNING * * *
You miss something. Something hits you.
* * * LOW HITPOINT WARNING * * *
You miss something. Something hits you!
* * * LOW HITPOINT WARNING * * *
You miss something. You closely miss something.
Something hits you but does no damage.
You slash something! Something hits you.
You die...

.#.#.############
.#.#.###.........
........>########
.#...#+#.# ####
.........# #..
.........# #.#
.........####.## #
...............###.#
.#######..###...@{.#
+# #..# ##.###.#
#..# #.# # #..# #.#
.... ..# ##### ###


There were no monsters in sight!

Vanquished Creatures
  5 adders (D:2)
  A dart slug (D:2)
  3 orcs
  An endoplasm (D:2)
  A giant cockroach (D:1)
  2 goblins
  4 hobgoblins (D:2)
  A quokka (D:1)
  2 ball pythons
  2 bats (D:1)
  A frilled lizard (D:2)
  2 kobolds (D:2)
  3 rats (D:1)
28 creatures vanquished.

Notes
Turn   | Place    | Note
-------+----------+-------------------------------------------
     0 | D:1      | Pin the Hill Orc Fighter began the quest for the Orb.
     0 | D:1      | Reached XP level 1. HP: 19/19 MP: 1/1
   219 | D:1      | Found a faded altar of an unknown god.
   416 | D:1      | Found Jifeil's Magic Scroll Shop.
   521 | D:1      | Reached XP level 2. HP: 27/27 MP: 2/2
   912 | D:1      | Reached skill level 4 in Fighting
  1289 | D:2      | Reached XP level 3. HP: 18/33 MP: 3/3
  2084 | D:2      | Reached XP level 4. HP: 36/40 MP: 4/4
  2374 | D:2      | Noticed Sigmund
  2384 | D:2      | HP: 2/41 [something (7)]
  2387 | D:2      | Slain by Sigmund

Illustrated notes

Levels and vault maps discovered:
D:1:      amcnicky_arrival_blooded_trapdoor, layout_loops_corners,
          ebering_ecumenical_altar_mist, serial_shops, shop,
          grunt_decor_mini_mirrors
D:2:      layout_basic, skrybe_limestone_x, uniq_sigmund

Skill      XL: |  1  2 |
---------------+-------+-----
Axes           | 3 |  3.7
Fighting       | 4 |  4.3
Armour         | |  3.9
Shields        | |  3.9

Action                   |  1- 3 |  4- 6 || total
-------------------------+-------+-------++-------
Melee: War axe           |    74 |    24 ||    98
Armor: Scale mail        |    32 |     9 ||    41
Dodge: Dodged            |    39 |     9 ||    48
Block: Buckler           |    10 |       ||    10

Table legend: (Time is in decaauts)
 A = Elapsed time spent in this place.
 B = Non-inter-level travel time spent in this place.
 C = Inter-level travel time spent in this place.
 D = Time resting spent in this place.
 E = Time spent auto-exploring this place.
 F = Levels seen in this place.
 G = Mean time per level.
                   A        B        C        D        E       F      G
               +--------+--------+--------+--------+--------+-----+--------+
         Total |   2424 |   2418 |      6 |    594 |   1539 |   2 | 1212.0 |
       Dungeon |   2424 |   2418 |      6 |    594 |   1539 |   2 | 1212.0 |
               +--------+--------+--------+--------+--------+-----+--------+

Top non-repeatable levels by time:
     D:1: 1247 daAuts
     D:2: 1176 daAuts
